Map: Catallena LE (Void)

Players

Elazer

  • Race: Zerg Zerg
  • Spawn Location: 12:00

herO - Winner!

  • Race: Protoss Protoss
  • Spawn Location: 9:00

Event: 2017 WCS Global Finals

VOD

Have the link to the VOD?

Description

Time

  • Played on: Oct. 28, 2017, 12:37 p.m.
  • Length: 6:13

All games in this series

Show
View Real Time Build Order
Export as new Build Order

Elazer Zerg 

Build Orders: Hatch First 

Get SALT Encoding   

  12  0:00  Drone  
  13  0:13  Overlord  
  13  0:17  Drone  
  14  0:31  Drone x2  
  16  0:49  Hatchery  
  15  0:52  Drone  
  15  0:56  Drone  
  17  0:59  Drone  
  18  1:10  Extractor  
  17  1:15  Spawning Pool  
  17  1:18  Drone  
  17  1:21  Drone  
  18  1:29  Drone  
  19  1:39  Overlord  
  19  1:50  Drone  
  20  2:02  Queen x2, Zergling x2  
  20  2:03  Drone  
  26  2:11  Metabolic Boost  
  26  2:14  Drone  
  26  2:15  Drone  
  28  2:29  Drone  
  29  2:31  Drone  
  30  2:41  Hatchery  
  29  2:47  Zergling x4  
  29  2:50  Pneumatized Carapace  
  31  2:53  Drone  
  32  3:03  Overlord, Drone x2  
  34  3:10  Queen  
  36  3:21  Drone x2  
  36  3:22  Drone x2  
  36  3:25  Overlord  
  36  3:26  Drone  
  41  3:30  Spore Crawler  
  41  3:32  Drone  
  41  3:33  Drone  
  42  3:38  Drone x2  
  44  3:44  Overlord  
  44  3:47  Spore Crawler  
  44  3:48  Drone  
  44  3:55  Drone x3  
  46  3:56  Drone  
  46  3:58  Drone  
  46  3:59  Drone  
  50  4:03  Overlord  
  50  4:04  Drone  
  50  4:09  Spore Crawler  
  50  4:10  Overlord  
  50  4:15  Drone  
  51  4:17  Drone  
  51  4:20  Drone  
  51  4:21  Drone  
  51  4:22  Drone  
  55  4:25  Queen  
  55  4:26  Overlord  
  55  4:30  Drone  
  58  4:32  Drone x2  
  58  4:38  Lair  
  60  4:41  Drone x2  
  60  4:44  Drone  
  63  4:47  Drone  
  63  4:51  Extractor  
  63  4:53  Overlord  
  63  4:54  Extractor, Drone x2  
  63  4:55  Drone  
  63  4:58  Overlord  
  65  5:03  Zergling x8  
  69  5:12  Zergling x4  
  69  5:14  Overlord  
  71  5:16  Queen  
  71  5:18  Overlord  
  71  5:19  Zergling x4  
  75  5:26  Zergling x8  
  79  5:28  Zergling x2  
  80  5:37  Hydralisk Den, Zergling x8  
  80  5:39  Zergling x2  
  84  5:46  Zergling x6  
  76  5:55  Zergling x6  
Show
View Real Time Build Order
Export as new Build Order

herO Protoss - Winner!

Build Orders: Oracle Opening 

Get SALT Encoding   

  12  0:01  Probe (Chrono Boost)  
  13  0:11  Probe (Chrono Boost)  
  14  0:17  Pylon  
  14  0:22  Probe (Chrono Boost)  
  16  0:36  Probe (Chrono Boost)  
  16  0:37  Gateway  
  16  0:42  Assimilator  
  16  0:46  Probe (Chrono Boost)  
  17  0:52  Assimilator  
  17  0:57  Probe (Chrono Boost)  
  18  1:07  Probe (Chrono Boost)  
  19  1:18  Probe (Chrono Boost)  
  20  1:20  Pylon  
  20  1:24  Cybernetics Core  
  20  1:28  Probe (Chrono Boost)  
  21  1:39  Probe (Chrono Boost)  
  22  1:49  Probe (Chrono Boost)  
  23  2:00  Stalker (Chrono Boost)  
  25  2:04  Stargate  
  25  2:14  Nexus  
  25  2:18  Warp Gate (Chrono Boost)  
  25  2:20  Probe (Chrono Boost)  
  28  2:33  Pylon  
  28  2:36  Probe (Chrono Boost)  
  29  2:48  Oracle (Chrono Boost)  
  29  2:49  Probe  
  31  3:02  Probe  
  32  3:08  Gateway  
  32  3:10  Gateway  
  32  3:14  Probe  
  33  3:20  Oracle (Chrono Boost)  
  33  3:24  Probe  
  33  3:26  Probe  
  38  3:32  Twilight Council  
  38  3:35  Probe  
  38  3:38  Probe  
  40  3:45  Probe (Chrono Boost)  
  41  3:50  Probe (Chrono Boost), Robotics Facility  
  42  4:01  Charge (Chrono Boost)  
  44  4:07  Gateway  
  44  4:09  Gateway  
  42  4:19  Gateway  
  42  4:26  Gateway  
  42  4:27  Gateway  
  42  4:37  Warp Prism (Chrono Boost)  
  44  4:39  Zealot x2  
  44  4:41  Zealot  
  44  4:44  Probe  
  51  4:48  Pylon  
  51  4:53  Pylon  
  51  5:05  Zealot  
  51  5:06  Pylon  
  53  5:08  Zealot x3  
  53  5:11  Zealot  
  60  5:19  Pylon  
  60  5:22  Pylon  
  60  5:32  Zealot x4  
  68  5:36  Zealot  
  68  5:39  Zealot  
  68  5:40  Zealot  
  74  5:44  Zealot  
  72  5:56  Zealot x3  
  74  5:57  Zealot  
  74  6:02  Zealot  
  66  6:06  Zealot  
  66  6:07  Zealot  
Tags
 
Add a new tag
Caveats
  • Supply blocks, unpowered buildings, or Contaminate may cause inaccurate times.
  • Supply counts are checked every 10 seconds.